Map: Asper Mountain

Players

Bhaal

  • Race: Zerg Zerg
  • League: Diamond
  • Spawn Location: 12:00

iceclaw

  • Race: Terran Terran
  • League: Diamond
  • Spawn Location: 9:00

Sittingbull

  • Race: Protoss Protoss
  • League: Diamond
  • Spawn Location: 9:00

Thor

  • Race: Zerg Zerg
  • League: Master
  • Spawn Location: 7:00

Rugi

  • Race: Zerg Zerg
  • League: Master
  • Spawn Location: 1:00

Loken

  • Race: Protoss Protoss
  • League: Platinum
  • Spawn Location: 3:00

Myran

  • Race: Protoss Protoss
  • Spawn Location: 5:00

dallaskuken

  • Race: Protoss Protoss
  • League: Platinum
  • Spawn Location: 3:00

VOD

Have the link to the VOD?

Description

Time

  • Played on: March 30, 2017, 5:19 p.m.
  • Length: 11:10
Show
View Real Time Build Order
Export as new Build Order

Bhaal Zerg 

Build Orders: Hatch First 

Get SALT Encoding   

  12  0:01  Drone  
  13  0:10  Drone  
  14  0:23  Extractor  
  14  0:24  Drone  
  14  0:26  Overlord  
  15  0:47  Hatchery  
  14  0:50  Drone  
  14  0:54  Drone  
  16  0:58  Drone  
  17  1:09  Extractor  
  16  1:20  Spawning Pool, Drone  
  16  1:22  Drone  
  17  1:29  Drone  
  18  1:43  Drone  
  18  1:45  Drone  
  20  2:09  Metabolic Boost  
  20  2:10  Queen  
  20  2:12  Queen  
  24  2:16  Drone x4  
  28  2:23  Evolution Chamber  
  28  2:26  Drone  
  28  2:32  Overlord  
  28  2:40  Overlord  
  28  2:55  Zergling x4  
  28  2:56  Zergling x6  
  28  2:58  Zerg Melee Weapons Level 1  
  33  3:09  Zergling x2  
  33  3:10  Zergling x2  
  34  3:52  Zergling x20  
  44  4:06  Hatchery  
  38  4:18  Zergling x2  
  38  4:19  Zergling x6  
  41  4:25  Overlord  
  41  4:27  Zergling x6  
  41  4:28  Overlord x2  
  41  4:29  Lair  
  41  4:40  Zergling x4  
  41  4:44  Overlord  
  42  5:02  Zergling x10  
  42  5:03  Zergling x8  
  36  5:30  Zergling x2  
  36  5:31  Zergling x8  
  41  5:51  Zergling x8  
  41  5:52  Zergling x6  
  41  6:04  Zerg Melee Weapons Level 2  
  41  6:06  Zergling x4  
  39  6:34  Drone  
  39  6:35  Drone x4  
  44  6:42  Infestation Pit  
  44  6:44  Drone x3, Extractor  
  44  6:45  Queen  
  47  6:49  Drone x5  
  48  7:24  Queen  
  48  7:25  Queen x2  
  54  7:57  Spire  
  53  8:00  Drone x8  
  53  8:01  Drone x11  
  53  8:03  Extractor x2  
  70  8:21  Zerg Ground Armor Level 1  
  70  8:25  Drone  
  70  8:27  Drone x2  
  64  8:28  Drone  
  64  8:32  Extractor  
  65  8:35  Zergling x2  
  65  8:36  Zergling x12, Extractor  
  71  8:43  Hatchery  
  71  8:46  Drone  
  71  8:47  Drone x2  
  73  8:49  Drone  
  73  8:50  Overlord x4  
  73  8:51  Overlord  
  73  8:52  Pneumatized Carapace  
  73  8:54  Burrow  
  74  9:08  Zergling x14  
  74  9:09  Zergling x2  
  82  9:10  Zergling x4  
  79  9:45  Hive  
  79  9:48  Mutalisk  
  79  9:49  Mutalisk x9  
  99  9:58  Drone x2  
  101  10:28  Drone x3  
  101  10:29  Drone  
  99  11:09  Hatchery  
  99  11:10  Extractor  
Show
View Real Time Build Order
Export as new Build Order

iceclaw Terran 

Build Orders: MMM Bio 

Get SALT Encoding   

  12  0:01  SCV  
  13  0:13  SCV  
  14  0:18  Supply Depot  
  14  0:25  SCV  
  15  0:40  SCV  
  15  0:41  Barracks  
  16  0:52  SCV  
  17  0:57  Barracks  
  17  1:04  SCV  
  18  1:16  SCV  
  19  1:28  Marine  
  19  1:29  Orbital Command  
  20  1:42  Supply Depot  
  20  1:45  Marine  
  20  1:46  Marine  
  22  1:58  SCV  
  23  2:03  Marine  
  23  2:06  Marine  
  25  2:09  Command Center  
  25  2:13  SCV  
  26  2:21  Barracks, Marine  
  27  2:24  Marine  
  27  2:26  SCV  
  29  2:32  Supply Depot  
  29  2:38  SCV  
  29  2:39  Marine  
  31  2:53  Marine  
  31  2:54  SCV  
  33  3:01  Marine  
  34  3:06  SCV  
  34  3:08  Refinery x2, Marine  
  36  3:14  Marine  
  36  3:18  SCV  
  38  3:22  Supply Depot  
  38  3:27  Marine  
  38  3:30  SCV  
  40  3:41  Marine x2  
  41  3:43  SCV  
  43  3:49  SCV  
  43  3:52  Barracks, Marine  
  43  3:54  Barracks  
  46  3:57  Orbital Command  
  46  3:58  Marine  
  46  4:02  SCV  
  47  4:03  Marine  
  48  4:18  Marine x2  
  48  4:21  Marine  
  42  4:26  SCV  
  42  4:31  SCV  
  39  4:36  Marine  
  39  4:38  SCV, Marine, Barracks Tech Lab  
  41  4:43  SCV, Factory  
  42  4:48  Marine x2  
  42  4:50  SCV  
  45  4:54  Marine  
  45  4:56  Marine  
  45  4:58  Marine  
  47  5:00  SCV  
  47  5:02  SCV  
  47  5:06  Marine x2  
  51  5:12  SCV, Marine  
  51  5:14  Marine  
  51  5:16  Marine  
  49  5:24  Marine x2  
  45  5:29  Marine  
  45  5:32  Marine, Stimpack  
  45  5:34  Marine  
  47  5:37  Factory Reactor  
  47  5:42  Marine x2  
  49  5:43  Starport  
  49  5:47  Marine  
  43  5:50  Marine  
  43  5:52  Marine  
  30  5:59  Marine x2  
  24  6:05  Marine  
  24  6:07  Marine  
  24  6:09  Marine  
  25  6:17  Marine x2  
  27  6:23  Marine  
  27  6:25  Marine  
  28  6:26  SCV  
  28  6:27  Marine  
  28  6:28  Factory Reactor  
  28  6:30  Starport Reactor  
  28  6:31  SCV  
  32  6:35  Marine x2  
  32  6:39  SCV  
  35  6:41  Marine  
  35  6:43  SCV, Marine  
  35  6:45  Widow Mine, Marine  
  41  6:51  SCV  
  41  6:53  Marine x2  
  44  6:55  SCV  
  44  6:59  Marine  
  46  7:03  SCV  
  46  7:07  SCV  
  48  7:10  Medivac x2  
  48  7:11  Marine  
  48  7:12  Marine  
  48  7:15  SCV  
  57  7:16  Barracks Reactor, Marine  
  57  7:17  Barracks Reactor  
  57  7:19  SCV  
  57  7:20  Supply Depot  
  57  7:27  SCV  
  57  7:29  Marine  
  59  7:30  Marine  
  59  7:31  SCV  
  59  7:33  Combat Shields  
  59  7:34  Marine  
  62  7:41  SCV, Supply Depot  
  62  7:43  Supply Depot  
  62  7:44  SCV, Medivac  
  64  7:47  Marine  
  64  7:48  Marine  
  68  7:57  SCV  
  70  8:02  SCV, Marine x4  
  70  8:05  Marine x2, Supply Depot  
  75  8:06  Barracks Reactor  
  75  8:07  Supply Depot  
  75  8:09  SCV  
  77  8:20  Marine x4  
  77  8:23  Marine  
  81  8:33  Marine  
  81  8:38  Marine x4  
  81  8:40  Marine  
  80  8:45  Marine x2  
  81  8:51  Marine  
  81  8:54  Medivac x2  
  83  8:55  Marine x4  
  83  8:58  Marine  
  86  9:02  Marine  
  86  9:03  Marine  
  86  9:09  Marine  
  89  9:13  Marine x4  
  89  9:16  Marine  
  94  9:20  Marine  
  95  9:24  Medivac  
  86  9:33  Marine x3  
  86  9:34  Marine x2  
  86  9:36  Medivac  
  89  9:49  Marine  
  89  9:50  Marine  
  89  9:51  Marine  
  92  9:54  Medivac  
  92  9:58  Refinery  
  92  9:59  Refinery  
  94  10:01  Barracks Reactor, SCV  
  94  10:06  Medivac  
  97  10:08  Command Center  
  97  10:14  Marine x5  
  102  10:26  Supply Depot  
  102  10:28  Supply Depot  
  102  10:47  Marine x6  
  102  10:49  SCV, Marine x2  
  113  10:51  Marine  
  114  11:03  Engineering Bay  
Show
View Real Time Build Order
Export as new Build Order

Sittingbull Protoss 

Build Orders: 1 Gate Expand 

Get SALT Encoding   

  12  0:01  Probe (Chrono Boost)  
  13  0:13  Probe (Chrono Boost)  
  14  0:19  Pylon  
  14  0:25  Probe (Chrono Boost)  
  15  0:37  Probe (Chrono Boost)  
  15  0:38  Gateway  
  16  0:44  Assimilator  
  16  0:48  Probe (Chrono Boost)  
  17  0:52  Assimilator  
  17  0:59  Probe (Chrono Boost)  
  18  1:22  Nexus  
  18  1:27  Probe (Chrono Boost)  
  19  1:34  Cybernetics Core  
  19  1:42  Assimilator  
  19  1:43  Probe (Chrono Boost)  
  20  1:50  Pylon  
  21  1:54  Probe (Chrono Boost)  
  21  2:04  Gateway  
  21  2:05  Probe (Chrono Boost)  
  22  2:19  Pylon, Probe (Chrono Boost)  
  22  2:22  Warp Gate  
  24  2:30  Probe (Chrono Boost)  
  24  2:39  Probe (Chrono Boost)  
  24  2:40  Adept  
  27  2:55  Adept  
  29  3:03  Adept  
  29  3:05  Robotics Facility  
  29  3:07  Probe (Chrono Boost)  
  29  3:09  Probe (Chrono Boost)  
  33  3:22  Adept  
  35  3:27  Adept  
  38  3:41  Probe (Chrono Boost)  
  38  3:43  Probe (Chrono Boost)  
  38  3:47  Twilight Council  
  39  3:49  Gateway  
  39  3:52  Mothership Core (Chrono Boost)  
  39  4:19  Warp Prism  
  39  4:21  Probe (Chrono Boost)  
  39  4:23  Probe (Chrono Boost)  
  39  4:31  Probe (Chrono Boost)  
  39  4:32  Stalker  
  39  4:33  Stalker  
  39  4:37  Assimilator, Probe (Chrono Boost)  
  45  4:41  Assimilator  
  41  4:57  Stalker  
  41  4:58  Stalker  
  45  5:15  Stalker  
  43  5:35  Nexus  
  37  5:38  Pylon  
  37  5:42  Pylon  
  33  5:56  Assimilator  
  33  5:59  Assimilator  
  33  6:05  Assimilator  
  33  6:07  Assimilator  
  33  6:10  Resonating Glaives  
  33  6:30  Pylon  
  33  6:32  Pylon  
  33  6:34  Pylon  
  33  6:37  Pylon  
  33  6:46  Probe (Chrono Boost)  
  35  6:47  Probe (Chrono Boost)  
  35  6:54  Adept x2  
  35  7:01  Gateway  
  39  7:02  Gateway  
  39  7:05  Robotics Bay  
  39  7:08  Gateway  
  39  7:10  Probe x2 (Chrono Boost)  
  39  7:12  Probe (Chrono Boost)  
  42  7:18  Stalker x2  
  42  7:20  Probe (Chrono Boost)  
  42  7:21  Probe (Chrono Boost)  
  49  7:24  Probe (Chrono Boost)  
  49  7:26  Pylon  
  49  7:28  Pylon  
  49  7:32  Probe (Chrono Boost)  
  50  7:43  Probe (Chrono Boost)  
  51  7:49  Stalker x2  
  51  7:50  Stalker  
  57  7:54  Probe (Chrono Boost)  
  57  7:55  Mothership Core (Chrono Boost)  
  60  8:01  Blink  
  60  8:03  Stalker  
  60  8:04  Probe (Chrono Boost)  
  63  8:15  Probe (Chrono Boost)  
  64  8:23  Adept x2  
  64  8:24  Adept x3  
  64  8:25  Probe (Chrono Boost)  
  75  8:36  Probe (Chrono Boost)  
  76  8:44  Stalker x3  
  76  8:45  Stalker x3  
  76  8:46  Probe (Chrono Boost)  
  89  8:52  Pylon  
  89  8:55  Pylon  
  89  8:57  Probe (Chrono Boost)  
  89  8:59  Pylon  
  90  9:04  Forge  
  90  9:07  Probe (Chrono Boost)  
  89  9:12  Stalker  
  89  9:13  Stalker x5  
  97  9:18  Probe (Chrono Boost)  
  98  9:28  Probe (Chrono Boost)  
  91  9:40  Stalker x2  
  91  9:41  Gateway  
  91  9:43  Gateway  
  95  9:46  Gateway  
  95  9:48  Gateway  
  95  9:58  Probe (Chrono Boost)  
  96  10:07  Stalker  
  96  10:08  Stalker x4  
  96  10:09  Probe (Chrono Boost)  
  107  10:20  Probe (Chrono Boost)  
  108  10:30  Probe (Chrono Boost)  
  107  10:52  Stalker  
  107  10:53  Stalker x5  
  119  10:59  Gateway, Probe x2 (Chrono Boost)  
  122  11:05  Stalker  
Show
View Real Time Build Order
Export as new Build Order

Thor Zerg 

Build Orders: Hatch First 

Get SALT Encoding   

  12  0:02  Drone  
  13  0:12  Overlord  
  13  0:18  Drone  
  14  0:30  Drone  
  14  0:31  Drone  
  16  0:36  Drone  
  17  0:54  Hatchery  
  16  1:06  Spawning Pool  
  16  1:09  Drone  
  16  1:16  Drone  
  16  1:18  Drone  
  18  1:21  Extractor  
  18  1:22  Drone  
  18  1:31  Drone  
  19  1:44  Overlord  
  19  1:52  Queen  
  19  1:53  Drone  
  22  2:05  Queen  
  22  2:06  Drone  
  25  2:11  Drone  
  26  2:17  Drone x2  
  26  2:22  Metabolic Boost  
  28  2:27  Drone  
  28  2:28  Drone  
  30  2:40  Drone x2  
  32  2:50  Zergling x4  
  34  2:56  Spine Crawler  
  34  2:57  Spine Crawler  
  32  3:05  Zergling x4  
  32  3:06  Zergling x4  
  32  3:09  Overlord  
  35  3:27  Zergling x6  
  35  3:28  Zergling x4  
  35  3:29  Zergling x2  
  38  3:42  Drone x2  
  40  3:49  Overlord  
  40  3:50  Overlord  
  39  4:05  Zergling x2  
  39  4:06  Zergling x2  
  34  4:15  Lair, Extractor  
  34  4:16  Drone x2, Evolution Chamber  
  34  4:17  Evolution Chamber  
  34  4:18  Hatchery  
  32  4:32  Zergling x8  
  35  4:42  Drone  
  35  4:43  Drone x4  
  35  4:44  Zerg Melee Weapons Level 1, Zerg Ground Armor Level 1  
  39  4:48  Zergling x4  
  41  4:57  Zergling x4  
  43  5:06  Zergling x4  
  44  5:12  Zergling x10  
  44  5:13  Zergling x2  
  49  5:31  Zergling x8  
  52  5:43  Zergling x2  
  52  5:44  Zergling x14  
  52  5:48  Queen  
  55  5:57  Zergling x4  
  55  5:58  Zergling x6  
  55  6:03  Zergling x2  
  59  6:08  Zergling x6  
  58  6:14  Infestation Pit, Overlord x2  
  51  6:34  Zergling x10  
  51  6:35  Zergling x6  
  59  6:42  Zerg Melee Weapons Level 2, Zerg Ground Armor Level 2  
  59  6:43  Overlord x2  
  59  6:44  Drone  
  59  6:45  Drone x3  
  59  6:46  Spore Crawler  
  61  6:49  Extractor  
  61  6:50  Spore Crawler  
  61  6:51  Extractor  
  56  6:56  Drone  
  53  7:10  Spore Crawler  
  52  7:17  Drone  
  52  7:18  Drone x10  
  60  7:29  Drone  
  61  7:30  Drone x4  
  58  7:51  Drone x12  
  61  7:55  Extractor  
  61  7:57  Extractor  
  62  7:59  Hive  
  62  8:18  Hatchery  
  61  8:22  Zergling x18  
  61  8:25  Overseer  
  61  8:27  Pneumatized Carapace  
  70  8:32  Drone x5  
  75  8:45  Zergling x12  
  75  8:46  Zergling x2  
  64  8:58  Zergling x2  
  64  8:59  Zergling x14  
  70  9:08  Zergling x4  
  39  9:32  Zergling x18  
  43  9:40  Drone  
  44  9:54  Drone  
  44  9:56  Drone  
  46  10:00  Drone  
  46  10:01  Drone  
  46  10:05  Drone x2  
  51  10:07  Drone  
  51  10:32  Hatchery  
  51  10:33  Drone  
  51  10:34  Drone x9  
  60  10:48  Ultralisk Cavern  
  70  11:08  Extractor  
  70  11:09  Extractor  
Show
View Real Time Build Order
Export as new Build Order

Rugi Zerg 

Build Orders: Hatch First 

Get SALT Encoding   

  12  0:00  Drone  
  13  0:12  Overlord  
  13  0:18  Drone  
  14  0:30  Drone  
  14  0:31  Drone  
  14  0:34  Drone  
  17  0:54  Hatchery  
  17  0:56  Drone  
  17  0:57  Drone  
  17  1:00  Extractor  
  17  1:15  Spawning Pool  
  17  1:16  Drone  
  17  1:20  Drone  
  18  1:29  Drone  
  19  1:44  Drone  
  20  2:05  Drone  
  21  2:10  Queen x2  
  25  2:18  Roach Warren  
  25  2:20  Drone x2, Extractor  
  25  2:22  Drone  
  26  2:23  Overlord  
  26  2:47  Overlord  
  26  2:58  Roach  
  26  2:59  Roach x4  
  36  3:06  Roach  
  38  3:26  Roach x3  
  44  3:32  Overlord x2  
  44  3:52  Ravager x4  
  44  3:53  Roach  
  50  3:56  Zergling x10  
  47  4:17  Roach x4  
  51  4:33  Roach x4  
  55  4:58  Roach x2  
  55  4:59  Overlord  
  59  5:00  Overlord  
  58  5:19  Roach x4  
  55  6:03  Zergling x16  
  56  6:08  Drone  
  43  6:26  Drone x3  
  43  6:31  Drone  
  39  6:44  Drone x7  
  46  6:48  Drone  
  47  6:56  Drone  
  48  7:05  Lair  
  48  7:08  Hatchery  
  47  7:09  Metabolic Boost  
  47  7:11  Roach x4  
  55  7:30  Drone x3  
  55  7:31  Drone x3  
  55  7:34  Extractor  
  55  7:35  Extractor  
  58  7:38  Drone x4  
  58  7:39  Overlord  
  61  8:05  Spore Crawler  
  60  8:08  Overseer  
  60  8:14  Roach x4  
  60  8:15  Roach x2  
  60  8:16  Glial Reconstitution  
  55  8:39  Roach x7  
  55  8:40  Roach x5  
  58  9:05  Drone  
  58  9:06  Drone x3  
  58  9:07  Drone x4  
  64  9:22  Spire  
  63  9:44  Drone x3  
  63  9:45  Evolution Chamber  
  65  9:46  Drone  
  65  9:47  Drone x5  
  65  9:50  Queen  
  73  10:04  Pneumatized Carapace  
  73  10:06  Drone  
  73  10:07  Drone x3  
  76  10:10  Drone x2  
  79  11:00  Spore Crawler x2  
Show
View Real Time Build Order
Export as new Build Order

Loken Protoss 

Build Orders:  

Get SALT Encoding   

  12  0:01  Probe (Chrono Boost)  
  13  0:12  Probe (Chrono Boost)  
  14  0:19  Pylon  
  14  0:22  Probe (Chrono Boost)  
  15  0:37  Probe (Chrono Boost)  
  15  0:40  Gateway  
  16  0:48  Probe (Chrono Boost)  
  17  0:52  Gateway  
  17  0:58  Probe (Chrono Boost)  
  18  1:06  Pylon  
  18  1:13  Gateway  
  18  1:21  Assimilator  
  18  1:28  Zealot  
  20  1:34  Cybernetics Core  
  20  1:38  Probe (Chrono Boost)  
  21  1:42  Zealot  
  23  1:55  Zealot  
  23  2:00  Zealot  
  27  2:06  Probe (Chrono Boost)  
  27  2:08  Warp Gate  
  28  2:10  Zealot  
  30  2:28  Pylon  
  30  2:46  Zealot x2  
  30  2:47  Zealot  
  36  2:54  Pylon  
  36  2:57  Pylon  
  36  3:26  Stalker x3  
  32  3:45  Assimilator  
  27  4:11  Probe (Chrono Boost)  
  27  4:16  Stalker x3  
  33  4:23  Probe (Chrono Boost)  
  28  4:35  Probe (Chrono Boost)  
  29  4:43  Gateway  
  29  4:51  Gateway  
  29  5:13  Stalker x3  
  33  5:40  Zealot x3  
  29  6:03  Probe (Chrono Boost)  
  30  6:14  Nexus  
  30  6:15  Probe (Chrono Boost)  
  29  6:19  Nexus  
  29  6:30  Zealot  
  29  6:31  Zealot x4  
  35  6:59  Zealot  
  35  7:00  Zealot x3  
  43  7:18  Probe (Chrono Boost)  
  44  7:25  Pylon  
  45  7:30  Probe (Chrono Boost)  
  45  7:42  Probe (Chrono Boost)  
  41  7:51  Sentry x2  
  41  7:52  Sentry x3  
  41  7:54  Probe (Chrono Boost)  
  52  8:01  Probe (Chrono Boost)  
  52  8:05  Probe (Chrono Boost)  
  55  8:06  Probe (Chrono Boost)  
  55  8:11  Probe (Chrono Boost)  
  56  8:15  Probe (Chrono Boost)  
  57  8:22  Probe (Chrono Boost)  
  58  8:38  Stalker x3  
  58  8:39  Stalker x2  
  68  9:09  Probe (Chrono Boost)  
  69  9:10  Probe (Chrono Boost)  
  69  9:13  Sentry x2  
  69  9:14  Sentry x3  
  80  9:20  Probe (Chrono Boost)  
  80  9:21  Probe (Chrono Boost)  
  68  9:30  Probe (Chrono Boost)  
  67  9:31  Probe (Chrono Boost)  
  60  9:41  Probe (Chrono Boost)  
  60  9:42  Probe (Chrono Boost)  
  60  9:43  Zealot x3  
  60  9:44  Zealot x2  
  58  9:48  Twilight Council  
  58  9:52  Probe (Chrono Boost)  
  59  9:57  Pylon  
  59  10:00  Assimilator  
  59  10:03  Probe (Chrono Boost)  
  59  10:04  Assimilator x2  
  60  10:07  Assimilator  
  60  10:09  Probe (Chrono Boost)  
  60  10:11  Pylon  
  60  10:13  Probe (Chrono Boost)  
  63  10:15  Probe (Chrono Boost)  
  63  10:17  Forge  
  63  10:19  Probe (Chrono Boost)  
  64  10:24  Probe (Chrono Boost)  
  64  10:27  Zealot x5, Probe (Chrono Boost)  
  64  10:39  Probe (Chrono Boost)  
  15  10:57  Photon Cannon  
  15  10:58  Photon Cannon  
  15  11:00  Photon Cannon  
Show
View Real Time Build Order
Export as new Build Order

Myran Protoss 

Build Orders:  

Get SALT Encoding   

  12  0:01  Probe (Chrono Boost)  
  13  0:11  Probe (Chrono Boost)  
  14  0:24  Pylon  
  14  0:26  Probe (Chrono Boost)  
  15  0:42  Probe (Chrono Boost)  
  16  0:48  Gateway  
  16  0:51  Assimilator  
  16  0:53  Probe (Chrono Boost)  
  17  1:01  Pylon  
  17  1:03  Probe (Chrono Boost)  
  18  1:12  Assimilator  
  18  1:14  Probe (Chrono Boost)  
  19  1:24  Probe (Chrono Boost)  
  20  1:37  Cybernetics Core  
  20  1:39  Pylon  
  20  1:42  Probe (Chrono Boost)  
  20  1:44  Zealot  
  23  1:53  Probe (Chrono Boost)  
  24  2:03  Probe (Chrono Boost)  
  25  2:18  Probe (Chrono Boost)  
  25  2:20  Stargate, Zealot  
  28  2:24  Warp Gate  
  28  2:29  Probe (Chrono Boost)  
  29  2:33  Pylon  
  29  2:39  Probe (Chrono Boost)  
  30  2:47  Stalker  
  30  2:50  Probe (Chrono Boost)  
  33  3:00  Pylon  
  33  3:01  Void Ray  
  37  3:17  Stalker  
  39  3:21  Probe (Chrono Boost)  
  40  3:39  Nexus  
  40  3:47  Zealot  
  42  3:50  Void Ray  
  34  4:28  Void Ray  
  34  4:31  Gateway  
  34  4:32  Gateway  
  34  4:34  Gateway  
  34  4:36  Stalker  
  40  5:03  Zealot  
  40  5:05  Void Ray  
  41  5:37  Zealot  
  36  5:55  Probe (Chrono Boost)  
  34  5:59  Probe (Chrono Boost)  
  35  6:05  Stalker x2  
  35  6:07  Zealot, Probe (Chrono Boost)  
  35  6:08  Zealot  
  35  6:09  Probe (Chrono Boost)  
  45  6:18  Void Ray  
  46  6:19  Probe (Chrono Boost)  
  46  6:20  Probe (Chrono Boost)  
  51  6:30  Probe (Chrono Boost)  
  51  6:31  Probe (Chrono Boost)  
  53  6:41  Probe (Chrono Boost)  
  53  6:43  Probe (Chrono Boost)  
  49  6:54  Zealot x3  
  51  6:55  Zealot  
  20  7:33  Probe (Chrono Boost)  
  21  7:43  Probe (Chrono Boost)  
  22  7:54  Probe (Chrono Boost)  
  23  8:02  Probe (Chrono Boost)  
  23  8:04  Probe (Chrono Boost)  
  25  8:15  Probe (Chrono Boost)  
  25  8:19  Probe (Chrono Boost)  
  27  8:39  Pylon  
  27  9:14  Pylon, Void Ray  
  27  9:23  Probe (Chrono Boost)  
  27  9:24  Pylon  
  28  9:26  Probe (Chrono Boost)  
  17  9:35  Probe (Chrono Boost)  
  14  9:45  Pylon, Probe (Chrono Boost)  
  15  9:54  Probe (Chrono Boost)  
  15  9:56  Probe (Chrono Boost)  
  15  9:57  Void Ray  
  21  10:05  Probe (Chrono Boost)  
  21  10:06  Probe (Chrono Boost)  
  23  10:15  Probe (Chrono Boost)  
  23  10:17  Probe (Chrono Boost)  
  25  10:28  Probe (Chrono Boost)  
Show
View Real Time Build Order
Export as new Build Order

dallaskuken Protoss 

Build Orders:  

Get SALT Encoding   

  12  0:01  Probe (Chrono Boost)  
  13  0:14  Pylon  
  13  0:26  Probe (Chrono Boost)  
  14  0:32  Gateway  
  14  0:37  Probe (Chrono Boost)  
  16  0:50  Probe (Chrono Boost)  
  16  0:52  Assimilator  
  16  0:56  Assimilator  
  16  1:00  Probe (Chrono Boost)  
  17  1:11  Probe (Chrono Boost)  
  18  1:21  Cybernetics Core, Probe (Chrono Boost)  
  19  1:30  Pylon  
  19  1:32  Probe (Chrono Boost)  
  20  1:42  Probe (Chrono Boost)  
  20  1:43  Warp Gate  
  21  1:50  Pylon  
  21  1:54  Probe (Chrono Boost)  
  22  2:05  Zealot  
  22  2:06  Probe (Chrono Boost)  
  25  2:15  Gateway  
  25  2:23  Gateway  
  25  2:31  Pylon  
  25  2:39  Stalker  
  27  2:57  Gateway  
  27  2:59  Gateway  
  27  3:56  Pylon  
  27  3:59  Stalker x3  
  27  4:00  Stalker x2  
  37  4:03  Pylon  
  37  4:05  Pylon  
  35  4:24  Stalker  
  35  4:25  Stalker x2  
  41  4:47  Stalker x2  
  45  5:02  Stalker x2  
  43  5:26  Stalker x2  
  43  5:27  Stalker  
  47  5:56  Stalker x3  
  29  6:29  Zealot x3  
  29  6:30  Zealot x2  
  33  6:37  Probe (Chrono Boost)  
  34  6:50  Sentry  
  34  6:51  Sentry  
  34  6:52  Stalker  
  40  7:37  Stalker x4  
  40  7:38  Stalker  
  49  8:18  Nexus  
  49  8:20  Assimilator  
  49  8:24  Assimilator  
  49  8:36  Stalker x3  
  29  9:43  Stalker x2  
  29  9:44  Stalker  
  29  10:04  Probe (Chrono Boost)  
  30  10:09  Probe (Chrono Boost)  
  31  10:15  Probe (Chrono Boost)  
  31  10:21  Probe (Chrono Boost)  
  33  10:25  Probe (Chrono Boost)  
  34  10:33  Probe (Chrono Boost)  
  35  10:36  Probe (Chrono Boost)  
  36  10:45  Probe (Chrono Boost)  
  36  10:46  Stalker x2, Probe (Chrono Boost)  
  36  10:47  Stalker x2  
Tags
 
Add a new tag
Caveats
  • Supply blocks, unpowered buildings, or Contaminate may cause inaccurate times.
  • Supply counts are checked every 10 seconds.